[Event "42nd Olympiad Baku 2016 Women"]
[Site "Baku"]
[Date "2016.09.04"]
[Round "3.16"]
[White "Hojjatova, Aydan"]
[Black "Kulon, Klaudia"]
[Result "0-1"]
[ECO "B51"]
[WhiteElo "2339"]
[BlackElo "2346"]
[Annotator ""]
[PlyCount "62"]
[EventDate "2016.??.??"]
[EventCountry "AZE"]
[SourceTitle "playchess.com"]
[Source "ChessBase"]
[WhiteTeam "Azerbaijan"]
[BlackTeam "Poland"]
[WhiteTeamCountry "AZE"]
[BlackTeamCountry "POL"]
[TimeControl "40/5400+30:1800+30"]

1. e4 {(00:00)} c5 {(00:00)} 2. Nf3 {(00:00)} d6 {(
00:00)} 3. Bb5+ {(00:00)} Nd7 {(00:00)} 4. a4 {(00:21)} a6
{(00:08)} 5. Bc4 {(00:19)} Ngf6 {(07:51)} 6. Nc3 {(
00:14)} g6 {(00:40)} 7. O-O {(00:32)} Bg7 {(00:05)} 8. a5
{(01:14)} e5 {(06:17)} 9. d3 {(03:06)} O-O {(01:28]
} 10. Bd2 {(05:34)} h6 {(02:43)} 11. Qb1 {(07:14)} Nb8 {
(09:44)} 12. b4 {(17:31)} cxb4 {(06:22)} 13. Qxb4 {
(00:15)} Nc6 {(00:05)} 14. Qa3 {(00:17)} Bg4 {(03:
23)} 15. Ne1 {(04:17)} Nd4 {(07:03)} 16. f3 {(04:09)} Be6
{(00:06)} 17. Na4 {(11:41)} d5 {(07:45)} 18. exd5 {
(07:46)} Nxd5 {(00:53)} 19. c3 {(10:16)} Ne2+ {(11:
22)} 20. Kf2 {(00:56)} Ndf4 {(06:57)} 21. g3 {(13:53)}
Bxc4 {(00:06)} 22. gxf4 {(00:04)} Bxd3 {(00:56)} 23. Nxd3
{(03:26)} Qxd3 {(00:02)} 24. Rad1 {(00:08)} Nd4 {(
00:50)} 25. Kg3 {(05:48)} Nf5+ {(05:44)} 26. Kf2 {(00:42)}
e4 {(00:43)} 27. fxe4 {(01:12)} Bd4+ {(00:53)} 28. cxd4 {
(02:20)} Qxa3 {(00:10)} 29. Nb6 {(00:42)} Nh4 {(01:
11)} 30. Be3 {(00:21)} Rad8 {(01:10)} 31. d5 {(00:27)}
Rfe8 {(00:41)} 0-1

[Event "42nd Olympiad Baku 2016 Women"]
[Site "Baku"]
[Date "2016.09.04"]
[Round "3.1"]
[White "Hou, Yifan"]
[Black "Pham, Le Thao Nguyen"]
[Result "1-0"]
[ECO "C65"]
[WhiteElo "2658"]
[BlackElo "2338"]
[Annotator ""]
[PlyCount "69"]
[EventDate "2016.??.??"]
[EventCountry "AZE"]
[SourceTitle "playchess.com"]
[Source "ChessBase"]
[WhiteTeam "China"]
[BlackTeam "Vietnam"]
[WhiteTeamCountry "CHN"]
[BlackTeamCountry "VIE"]
[TimeControl "40/5400+30:1800+30"]

1. e4 {(00:00)} e5 {(00:00)} 2. Nf3 {(00:00)} Nc6 {
(00:18)} 3. Bb5 {(00:00)} Nf6 {(00:20)} 4. d3 {(00:
13)} Bc5 {(00:25)} 5. c3 {(00:06)} d6 {(01:05)} 6. O-O {
(00:22)} Bd7 {(01:38)} 7. Ba4 {(01:08)} a6 {(03:18]
} 8. h3 {(04:55)} Ba7 {(02:24)} 9. Re1 {(04:45)} O-O {
(03:22)} 10. Bc2 {(05:35)} Ne7 {(05:15)} 11. d4 {(
01:13)} Ng6 {(01:14)} 12. Nbd2 {(00:57)} Re8 {(16:44)} 13.
Nf1 {(14:04)} Nh5 {(21:00)} 14. Be3 {(13:02)} Nhf4 {
(02:31)} 15. Ng3 {(05:06)} Qc8 {(08:09)} 16. Nf5 {(
04:03)} f6 {(02:30)} 17. c4 {(10:44)} Ne6 {(08:41)} 18. b4
{(04:18)} exd4 {(03:47)} 19. N3xd4 {(00:21)} Nxd4 {
(00:25)} 20. Nxd4 {(00:48)} Kh8 {(01:56)} 21. Rc1 {
(02:16)} Ne5 {(04:44)} 22. Bb1 {(01:44)} c5 {(03:
09)} 23. Nf5 {(06:56)} Bxf5 {(00:35)} 24. exf5 {(00:02)}
cxb4 {(00:25)} 25. Bxa7 {(00:07)} Rxa7 {(00:18)} 26. Qxd6
{(00:26)} a5 {(01:18)} 27. Be4 {(04:18)} Ra6 {(01:
17)} 28. Qd5 {(00:39)} Nc6 {(05:14)} 29. Qb5 {(01:43)} Re5
{(00:45)} 30. Bd5 {(00:43)} h6 {(01:29)} 31. Rxe5 {
(01:15)} fxe5 {(00:06)} 32. Rd1 {(01:37)} Qc7 {(00:
37)} 33. Be6 {(01:29)} Qb6 {(00:37)} 34. Rd7 {(00:14)} Kh7
{(00:52)} 35. f6 {(02:01)} 1-0

[Event "42nd Olympiad Baku 2016 Women"]
[Site "Baku"]
[Date "2016.09.04"]
[Round "3.17"]
[White "Ishizuka, Mirai"]
[Black "Faqeeh, Rahaf"]
[Result "1-0"]
[ECO "C19"]
[WhiteElo "1778"]
[BlackElo "1450"]
[Annotator ""]
[PlyCount "39"]
[EventDate "2016.??.??"]
[EventCountry "AZE"]
[SourceTitle "playchess.com"]
[Source "ChessBase"]
[WhiteTeam "Japan"]
[BlackTeam "Palestine"]
[WhiteTeamCountry "JPN"]
[BlackTeamCountry "PLE"]
[TimeControl "40/5400+30:1800+30"]

1. e4 {(00:00)} e6 {(00:00)} 2. d4 d5 3. Nc3 {(00:14)} Bb4
{(00:51)} 4. e5 {(00:07)} c5 {(00:17)} 5. a3 {(00:
06)} Bxc3+ {(00:21)} 6. bxc3 {(01:12)} Ne7 {(00:26)} 7.
Nf3 {(01:34)} Nbc6 {(04:33)} 8. Bd3 {(01:23)} Bd7 {
(02:11)} 9. O-O {(09:22)} Ng6 {(05:33)} 10. Be3 {(
09:07)} O-O {(02:00)} 11. Qd2 {(06:38)} Rc8 {(14:02)} 12.
Rab1 {(01:44)} Qc7 {(02:02)} 13. Ng5 {(04:52)} f6 {
(06:57)} 14. exf6 {(04:00)} gxf6 {(02:53)} 15. Nf3 {
(03:15)} e5 {(05:54)} 16. Bxg6 {(03:09)} hxg6 {(00:
15)} 17. dxe5 {(00:12)} Nxe5 {(02:00)} 18. Qxd5+ Rf7 19. Nxe5
fxe5 {(10:58)} 20. Rxb7 {(04:58)} 1-0

[Event "42nd Olympiad Baku 2016 Women"]
[Site "Baku"]
[Date "2016.09.04"]
[Round "3.28"]
[White "Jambo, Linda"]
[Black "Tavares, Domingas"]
[Result "1/2-1/2"]
[ECO "B92"]
[WhiteElo "1561"]
[BlackElo "1563"]
[Annotator ""]
[PlyCount "80"]
[EventDate "2016.??.??"]
[EventCountry "AZE"]
[SourceTitle "playchess.com"]
[Source "ChessBase"]
[WhiteTeam "MAW"]
[BlackTeam "Angola"]
[BlackTeamCountry "ANG"]
[TimeControl "40/5400+30:1800+30"]

1. e4 {(00:00)} c5 {(00:00)} 2. Nf3 {(00:00)} d6 {(
00:00)} 3. d4 {(00:16)} cxd4 {(00:00)} 4. Nxd4 {(00:09)}
Nf6 {(00:04)} 5. Nc3 {(00:18)} a6 {(00:18)} 6. Be2 {
(00:35)} g6 {(00:21)} 7. O-O {(00:31)} Bg7 {(00:07]
} 8. a4 {(02:19)} O-O {(00:30)} 9. Be3 {(05:30)} Nbd7 {
(02:32)} 10. Nf3 {(21:52)} Qc7 {(01:52)} 11. Qd2 {(
09:58)} Re8 {(05:44)} 12. Rad1 {(07:56)} Ng4 {(01:26)} 13.
Nd5 {(12:07)} Qd8 {(06:07)} 14. Bd4 {(05:54)} Ngf6 {
(02:59)} 15. Nxf6+ {(03:53)} Nxf6 {(01:48)} 16. e5 {
(02:27)} dxe5 {(01:30)} 17. Bxe5 {(00:21)} Qxd2 {(
01:40)} 18. Rxd2 {(00:58)} Bf5 {(01:26)} 19. Bd3 {(06:05)}
Bxd3 {(02:27)} 20. Rxd3 {(00:08)} Rac8 {(00:51)} 21. c3 {
(00:43)} e6 {(04:16)} 22. Bxf6 {(01:12)} Bxf6 {(00:
17)} 23. Rfd1 {(00:13)} Rc4 {(04:53)} 24. Ra1 {(04:55)}
Rec8 {(03:09)} 25. Nd2 {(00:54)} R4c6 {(01:40)} 26. Ne4 {
(00:58)} Bg7 {(03:39)} 27. Rad1 {(00:31)} Be5 {(03:
51)} 28. Rd8+ {(02:31)} Rxd8 {(00:31)} 29. Rxd8+ {(00:06)}
Kg7 {(00:11)} 30. Rd7 {(00:31)} Rc4 {(03:24)} 31. Ng5 {
(03:56)} Rxa4 {(24:13)} 32. g3 {(00:15)} Kg8 {(07:
10)} 33. Nxf7 {(01:03)} Bf6 {(01:03)} 34. Rxb7 {(00:34)}
Ra1+ {(00:37)} 35. Kg2 {(00:07)} Rb1 {(01:03)} 36. Nh6+ {
(01:15)} Kh8 {(01:24)} 37. Nf7+ {(03:02)} Kg8 {(00:
49)} 38. Nh6+ {(00:25)} Kh8 {(00:19)} 39. Rf7 {(00:00)}
Bg7 40. Ng4 Rxb2 1/2-1/2

[Event "42nd Olympiad Baku 2016 Women"]
[Site "Baku"]
[Date "2016.09.04"]
[Round "3.22"]
[White "Javakhishvili, Lela"]
[Black "Tsiganova, Monika"]
[Result "1/2-1/2"]
[ECO "A58"]
[WhiteElo "2486"]
[BlackElo "2095"]
[Annotator ""]
[PlyCount "74"]
[EventDate "2016.??.??"]
[EventCountry "AZE"]
[SourceTitle "playchess.com"]
[Source "ChessBase"]
[WhiteTeam "Georgia"]
[BlackTeam "Estonia"]
[WhiteTeamCountry "GEO"]
[BlackTeamCountry "EST"]
[TimeControl "40/5400+30:1800+30"]

1. d4 {(00:00)} Nf6 {(00:00)} 2. c4 {(00:00)} c5 {(
00:02)} 3. d5 {(00:00)} b5 {(00:12)} 4. cxb5 {(00:06)} a6
{(00:11)} 5. bxa6 {(01:08)} g6 {(00:33)} 6. Nc3 {(
00:17)} Bg7 {(00:36)} 7. Nf3 {(02:24)} O-O {(01:25)} 8. a7
{(00:11)} Rxa7 {(00:15)} 9. e4 {(00:03)} Ba6 {(02:
58)} 10. Be2 {(04:47)} e6 {(04:58)} 11. O-O {(02:17)} exd5
{(04:25)} 12. e5 {(11:29)} Bxe2 {(16:11)} 13. Qxe2 {
(09:36)} Re8 {(03:28)} 14. Bg5 {(06:33)} h6 {(02:
11)} 15. Bxf6 {(04:24)} Bxf6 {(00:15)} 16. Nxd5 {(01:24)}
Bg7 {(02:43)} 17. Qc4 {(06:22)} Nc6 {(06:20)} 18. Qxc5 {
(06:38)} Ra5 {(02:08)} 19. Qc4 {(00:13)} Nxe5 {(02:
04)} 20. Nxe5 {(00:08)} Bxe5 {(05:30)} 21. Rab1 {(05:24)}
Qa8 {(08:55)} 22. Rfd1 {(02:25)} Rxa2 {(14:13)} 23. Nb6 {
(18:54)} d5 {(02:13)} 24. Qb3 {(13:02)} Rb8 {(06:
12)} 25. Qe3 {(00:03)} Qa7 {(01:30)} 26. Qxe5 {(02:01)}
Qxb6 {(00:23)} 27. Rd2 {(00:44)} d4 {(03:19)} 28. h4 {
(00:40)} Rd8 {(00:57)} 29. Rbd1 {(01:20)} Rxb2 {(
02:58)} 30. Rxd4 {(00:03)} Rxd4 {(00:40)} 31. Rxd4 {(00:
08)} Rb1+ {(00:14)} 32. Kh2 {(00:01)} Qb8 {(00:40)} 33.
Qxb8+ {(00:50)} Rxb8 {(00:08)} 34. g4 {(00:08)} Rb5 {
(01:37)} 35. Kg3 {(00:05)} Kg7 {(00:26)} 36. Rd7 {(
00:12)} Kf6 {(01:10)} 37. f3 {(00:10)} Ke5 1/2-1/2

[Event "42nd Olympiad Baku 2016 Women"]
[Site "Baku"]
[Date "2016.09.04"]
[Round "3.21"]
[White "Jennitha, Anto K"]
[Black "Krivec, Jana"]
[Result "0-1"]
[ECO "C60"]
[WhiteElo "1953"]
[BlackElo "2259"]
[Annotator ""]
[PlyCount "80"]
[EventDate "2016.??.??"]
[EventCountry "AZE"]
[SourceTitle "playchess.com"]
[Source "ChessBase"]
[WhiteTeam "IPCA"]
[BlackTeam "SLO"]
[WhiteTeamCountry "IND"]
[BlackTeamCountry "SLO"]
[TimeControl "40/5400+30:1800+30"]

1. e4 {(00:00)} e5 {(00:00)} 2. Nf3 {(00:00)} Nc6 {
(00:00)} 3. Bb5 {(00:00)} Nge7 {(00:00)} 4. O-O {(
00:14)} g6 {(00:00)} 5. c3 {(00:09)} a6 {(00:00)} 6. Ba4 {
(00:09)} Bg7 {(00:00)} 7. d4 {(00:18)} exd4 {(00:
04)} 8. cxd4 {(00:14)} b5 {(00:05)} 9. Bb3 {(00:09)} O-O {
(00:14)} 10. h3 {(03:55)} Na5 {(02:08)} 11. Bc2 {(
00:47)} d6 {(00:23)} 12. a3 {(06:13)} c5 {(01:37)} 13. Nc3
{(00:54)} Bb7 {(04:42)} 14. Re1 {(04:04)} Qb6 {(17:
42)} 15. Ne2 {(11:47)} f5 {(11:06)} 16. Ng5 {(04:40)} fxe4
{(01:24)} 17. Ne6 {(09:05)} cxd4 {(00:19)} 18. Nxg7 {
(23:30)} d3 {(05:18)} 19. Be3 {(00:02)} dxc2 {(16:
29)} 20. Bxb6 {(02:21)} cxd1=Q {(00:03)} 21. Raxd1 {(00:
01)} Nc4 {(01:15)} 22. Bd4 {(00:02)} Bc8 {(01:27)} 23. Ng3
{(05:47)} e3 {(12:34)} 24. fxe3 {(01:15)} Nc6 {(02:
35)} 25. Bc3 {(00:14)} Ra7 {(01:16)} 26. N7h5 {(06:44)}
gxh5 {(00:05)} 27. Nxh5 {(00:13)} Bf5 {(09:51)} 28. e4 {
(02:37)} Bg6 {(00:19)} 29. Nf6+ {(00:04)} Kf7 {(04:
32)} 30. Ng4 {(06:19)} Ke6 {(01:01)} 31. Ne3 {(00:16)}
Nxe3 {(01:47)} 32. Rxe3 {(00:02)} Ne5 {(03:17)} 33. Rxd6+
{(01:28)} Kxd6 {(00:03)} 34. Bb4+ {(00:01)} Ke6 {(
00:08)} 35. Bxf8 {(00:10)} Rc7 {(01:45)} 36. b3 {(01:38)}
Rf7 {(00:42)} 37. Bb4 {(00:54)} Rf4 {(00:51)} 38. Re2 {
(04:45)} Rxe4 {(01:46)} 39. Rd2 {(00:17)} Nf7 {(00:
42)} 40. Rc2 {(00:00)} Rxb4 {(00:00)} 0-1

[Event "42nd Olympiad Baku 2016 Women"]
[Site "Baku"]
[Date "2016.09.04"]
[Round "3.27"]
[White "Joao, Delfina"]
[Black "Mpinganjira, Ellen"]
[Result "1-0"]
[ECO "C01"]
[WhiteElo "1659"]
[BlackElo "1372"]
[Annotator ""]
[PlyCount "109"]
[EventDate "2016.??.??"]
[EventCountry "AZE"]
[SourceTitle "playchess.com"]
[Source "ChessBase"]
[WhiteTeam "Angola"]
[BlackTeam "MAW"]
[WhiteTeamCountry "ANG"]
[TimeControl "40/5400+30:1800+30"]

1. e4 {(00:00)} e6 {(00:31)} 2. d4 {(00:00)} d5 {(
00:13)} 3. exd5 {(00:00)} exd5 {(00:08)} 4. Bd3 {(00:11)}
Bd6 {(00:20)} 5. h3 {(00:24)} Nf6 {(01:03)} 6. Qf3 {
(00:25)} h6 {(01:04)} 7. Ne2 {(00:13)} O-O {(00:23]
} 8. O-O {(00:21)} c6 {(01:42)} 9. Bf4 {(00:40)} Re8 {
(02:23)} 10. Nd2 {(02:54)} b6 {(04:06)} 11. Rfe1 {(
01:10)} Ba6 {(01:22)} 12. Bxd6 {(03:39)} Qxd6 {(00:07)}
13. Ng3 {(00:36)} Bxd3 {(03:27)} 14. Rxe8+ {(02:02)} Nxe8
{(00:03)} 15. Qxd3 {(00:17)} Nd7 {(01:24)} 16. c3 {
(03:54)} Nef6 {(01:25)} 17. Re1 {(01:24)} Re8 {(02:
58)} 18. Rxe8+ {(02:40)} Nxe8 {(00:01)} 19. Nf5 {(05:06)}
Qe6 {(02:10)} 20. Nf3 {(00:58)} Nd6 {(03:20)} 21. Nxd6 {
(05:56)} Qxd6 {(00:03)} 22. Qe3 {(00:22)} Nf6 {(01:
21)} 23. Nh4 {(00:44)} Qd7 {(03:25)} 24. Qe5 {(02:44)} Qe8
{(03:11)} 25. Nf5 {(01:51)} Qd7 {(07:30)} 26. Nxh6+ {
(01:20)} Kf8 {(05:00)} 27. Nf5 {(04:49)} Qe8 {(02:
29)} 28. Qg3 {(08:36)} g6 {(04:57)} 29. Qd6+ {(03:45)} Kg8
{(02:16)} 30. Qxf6 {(02:31)} gxf5 {(00:21)} 31. Qxf5 {
(01:51)} Qe1+ {(00:32)} 32. Kh2 {(00:03)} Qc1 {(01:
04)} 33. Qg4+ {(02:22)} Kf8 {(00:47)} 34. Qe2 {(01:19)}
Qf4+ {(02:00)} 35. g3 {(00:17)} Qf6 {(00:16)} 36. Kg2 {
(00:47)} a5 {(01:25)} 37. g4 {(02:03)} b5 {(00:46)}
38. Qe5 {(01:22)} Qg6 39. Qf5 Qh6 {(03:05)} 40. g5 {(02:
09)} Qh5 {(00:27)} 41. Qg4 {(00:18)} Qg6 {(00:59)} 42. Qf4
{(01:53)} Kg7 {(02:16)} 43. h4 {(02:40)} a4 {(02:
47)} 44. Qd2 {(09:30)} Qe4+ 45. Kg3 Qh1 {(04:21)} 46. f3 {
(04:32)} Qg1+ {(01:50)} 47. Qg2 {(00:04)} Qe3 {(02:
15)} 48. a3 {(01:01)} Qe6 {(01:16)} 49. Qd2 {(00:57)} f6 {
(02:29)} 50. gxf6+ {(00:44)} Kxf6 {(01:09)} 51. Qh6+ {
(00:05)} Kf7 {(00:05)} 52. Qxe6+ {(00:16)} Kxe6 {(
00:02)} 53. Kf4 {(00:22)} Kf6 {(00:15)} 54. h5 {(00:06)}
Kg7 {(00:03)} 55. Kg5 {(00:23)} 1-0

[Event "42nd Olympiad Baku 2016 Women"]
[Site "Baku"]
[Date "2016.09.04"]
[Round "3.3"]
[White "Kaslan, Catherine"]
[Black "Farrugia, Jamie"]
[Result "1-0"]
[ECO "C45"]
[WhiteElo "1665"]
[BlackElo "1617"]
[Annotator ""]
[PlyCount "49"]
[EventDate "2016.??.??"]
[EventCountry "AZE"]
[SourceTitle "playchess.com"]
[Source "ChessBase"]
[WhiteTeam "Surinam"]
[BlackTeam "Malta"]
[WhiteTeamCountry "SUR"]
[BlackTeamCountry "MLT"]
[TimeControl "40/5400+30:1800+30"]

1. e4 {(00:00)} e5 {(00:00)} 2. Nf3 {(00:49)} Nc6 {
(00:00)} 3. d4 {(00:48)} exd4 {(00:05)} 4. Nxd4 {(
00:48)} Nf6 {(00:20)} 5. Nxc6 {(01:27)} bxc6 {(00:51)} 6.
e5 {(00:57)} Qe7 {(00:22)} 7. Qe2 {(01:01)} Nd5 {(
00:25)} 8. c4 {(01:20)} Ba6 {(00:24)} 9. b3 {(02:07)}
O-O-O {(04:14)} 10. f4 {(04:50)} d6 {(01:45)} 11. Qg4+ {
(03:51)} Rd7 {(04:14)} 12. cxd5 {(02:11)} Bb7 {(05:
20)} 13. dxc6 {(03:06)} Bxc6 {(00:28)} 14. Ba3 {(05:02)}
f6 {(02:26)} 15. Ba6+ {(07:13)} Kd8 {(29:04)} 16. e6 {
(14:59)} Qe8 {(00:34)} 17. O-O {(03:10)} Re7 {(00:
09)} 18. f5 {(00:50)} g6 {(03:36)} 19. Qb4 {(00:54)} Rg7 {
(00:17)} 20. Qb8+ {(01:13)} Ke7 {(06:12)} 21. Qxc7+ {
(00:31)} Qd7 {(00:25)} 22. exd7 {(03:59)} Bxd7 {(
01:58)} 23. Bxd6+ {(01:18)} Ke8 {(01:01)} 24. Re1+ {(01:
39)} Be7 {(01:01)} 25. Qb8+ {(01:10)} 1-0

[Event "42nd Olympiad Baku 2016 Women"]
[Site "Baku"]
[Date "2016.09.04"]
[Round "3.23"]
[White "Kaydanovich, Marina"]
[Black "Vidic, Teja"]
[Result "0-1"]
[ECO "D47"]
[WhiteElo "1809"]
[BlackElo "2121"]
[Annotator ""]
[PlyCount "42"]
[EventDate "2016.??.??"]
[EventCountry "AZE"]
[SourceTitle "playchess.com"]
[Source "ChessBase"]
[WhiteTeam "IPCA"]
[BlackTeam "SLO"]
[WhiteTeamCountry "RUS"]
[BlackTeamCountry "SLO"]
[TimeControl "40/5400+30:1800+30"]

1. d4 {(00:00)} d5 {(00:00)} 2. c4 {(00:00)} c6 {(
00:00)} 3. e3 {(01:07)} Nf6 {(00:00)} 4. Nc3 {(00:26)} e6
{(00:41)} 5. Nf3 {(00:39)} Nbd7 {(00:24)} 6. Bd3 {(
02:13)} dxc4 {(00:04)} 7. Bxc4 {(00:06)} b5 {(00:03)} 8.
Bd3 {(00:34)} Bd6 {(00:05)} 9. O-O {(07:53)} O-O {(
00:07)} 10. Re1 {(07:04)} Bb7 {(02:05)} 11. e4 {(07:25)}
e5 {(00:06)} 12. d5 {(06:52)} cxd5 {(05:52)} 13. Nxd5 {
(06:43)} Nxd5 {(06:20)} 14. exd5 {(00:04)} a6 {(03:
11)} 15. Bxh7+ {(24:31)} Kxh7 {(02:48)} 16. Ng5+ {(00:12)}
Kg8 {(01:15)} 17. Qh5 {(00:22)} Nf6 {(00:25)} 18. Qh4 {
(00:24)} Qd7 {(03:13)} 19. Ne4 {(26:23)} Nxe4 {(01:
32)} 20. Rxe4 {(00:02)} Be7 {(02:38)} 21. Qh5 {(01:09)}
Qxd5 {(00:48)} 0-1

[Event "42nd Olympiad Baku 2016 Women"]
[Site "Baku"]
[Date "2016.09.04"]
[Round "3.12"]
[White "Keetman, Maaike"]
[Black "Bulmaga, Irina"]
[Result "0-1"]
[ECO "B90"]
[WhiteElo "2221"]
[BlackElo "2395"]
[Annotator ""]
[PlyCount "62"]
[EventDate "2016.??.??"]
[EventCountry "AZE"]
[SourceTitle "playchess.com"]
[Source "ChessBase"]
[WhiteTeam "Netherlands"]
[BlackTeam "Romania"]
[WhiteTeamCountry "NED"]
[BlackTeamCountry "ROU"]
[TimeControl "40/5400+30:1800+30"]

1. e4 {(00:00)} c5 {(00:00)} 2. Nf3 {(00:00)} d6 {(
00:00)} 3. d4 {(00:00)} cxd4 {(00:00)} 4. Nxd4 {(00:00)}
Nf6 {(00:00)} 5. Nc3 {(00:00)} a6 {(00:00)} 6. Be3 {
(00:00)} e5 {(00:12)} 7. Nb3 {(00:05)} Be6 {(00:10]
} 8. f3 {(00:11)} Nbd7 {(00:20)} 9. Qd2 {(00:21)} b5 {
(00:26)} 10. g4 {(01:56)} h6 {(04:26)} 11. O-O-O {(
06:27)} Qc7 {(00:10)} 12. Kb1 {(07:15)} Nb6 {(01:08)} 13.
Qf2 {(11:33)} Rb8 {(02:34)} 14. h4 {(12:11)} Nc4 {(
09:05)} 15. Bxc4 {(14:51)} bxc4 {(02:40)} 16. Nc1 {(00:18]
} Qb7 {(17:24)} 17. b3 {(01:37)} Rc8 {(10:18)} 18. Na4 {
(06:14)} cxb3 {(02:30)} 19. axb3 {(02:17)} Nd7 {(
09:24)} 20. Rhe1 {(08:05)} Be7 {(02:55)} 21. Qg3 {(06:05)}
Qc6 {(05:29)} 22. Re2 {(03:44)} Rb8 {(01:14)} 23. Nb2 {
(03:52)} a5 {(07:03)} 24. f4 {(03:53)} Nf6 {(01:04]
} 25. f5 {(05:57)} Nxe4 {(01:19)} 26. Qe1 {(00:14)} Nc3+ {
(00:50)} 27. Ka1 {(00:04)} Bd7 {(02:46)} 28. Ncd3 {
(04:51)} Nxe2 {(01:16)} 29. Qxe2 {(00:07)} Qc3 {(
01:07)} 30. Nf4 {(01:56)} Bb5 {(02:19)} 31. Nfd3 {(00:41)}
a4 {(00:42)} 0-1

[Event "42nd Olympiad Baku 2016 Women"]
[Site "Baku"]
[Date "2016.09.04"]
[Round "3.9"]
[White "Khademalsharieh, Sarasadat"]
[Black "Reizniece-Ozola, Dana"]
[Result "1-0"]
[ECO "A59"]
[WhiteElo "2429"]
[BlackElo "2243"]
[Annotator ""]
[PlyCount "127"]
[EventDate "2016.??.??"]
[EventCountry "AZE"]
[SourceTitle "playchess.com"]
[Source "ChessBase"]
[WhiteTeam "Iran"]
[BlackTeam "Latvia"]
[WhiteTeamCountry "IRI"]
[BlackTeamCountry "LAT"]
[TimeControl "40/5400+30:1800+30"]

1. d4 {(00:00)} Nf6 {(00:00)} 2. c4 {(00:00)} c5 {(
00:21)} 3. d5 {(00:15)} b5 {(00:12)} 4. cxb5 {(00:46)} a6
{(00:28)} 5. bxa6 {(00:11)} g6 {(00:34)} 6. Nc3 {(
01:36)} Bxa6 {(00:39)} 7. e4 {(00:16)} Bxf1 {(01:03)} 8.
Kxf1 {(00:07)} d6 {(00:44)} 9. Nf3 {(00:33)} Bg7 {(
00:16)} 10. g3 {(00:35)} O-O {(00:18)} 11. Kg2 {(00:25)}
Nbd7 {(00:25)} 12. Re1 {(00:47)} Ra6 {(00:49)} 13. a4 {
(00:47)} Qa8 {(01:23)} 14. Nb5 {(00:40)} Rc8 {(08:
22)} 15. Qc2 {(05:02)} Nb6 {(12:41)} 16. Nc3 {(07:17)} e6
{(13:15)} 17. dxe6 {(06:56)} fxe6 {(00:09)} 18. Ng5 {
(10:52)} Re8 {(09:41)} 19. Nb5 {(18:02)} Qc6 {(03:
23)} 20. Kg1 {(04:19)} Nfd7 {(19:21)} 21. Bf4 {(04:41)}
Ne5 {(02:36)} 22. Rad1 {(02:45)} Rxa4 {(11:09)} 23. Nxd6 {
(10:15)} Re7 {(02:29)} 24. b3 {(02:10)} Ra8 {(01:
03)} 25. Qe2 {(05:15)} h6 {(01:45)} 26. Nf3 {(00:29)}
Nxf3+ {(00:43)} 27. Qxf3 {(00:06)} Rf8 {(06:11)} 28. Qe2 {
(03:28)} Bd4 {(01:51)} 29. Nb5 {(01:16)} e5 {(01:
40)} 30. Nxd4 {(00:19)} cxd4 {(00:01)} 31. Bxh6 {(00:13)}
Ra8 {(00:38)} 32. h4 {(01:57)} Qe6 {(00:15)} 33. Rd3 {
(02:20)} Rea7 {(01:07)} 34. Rc1 {(02:15)} Ra2 {(00:
30)} 35. Qf3 {(01:00)} Nd7 {(00:17)} 36. Rd2 {(01:14)}
R2a3 {(00:18)} 37. Rb2 {(02:29)} Ra1 {(01:05)} 38. Rbc2 {
(01:55)} Rxc1+ {(00:13)} 39. Rxc1 {(00:05)} Nf6 {(
00:37)} 40. Bg5 {(00:00)} Ng4 {(00:00)} 41. Qd3 {(03:13)}
Rf8 {(01:49)} 42. Rc2 {(00:32)} Qb6 {(03:58)} 43. Kg2 {
(01:51)} Nf6 {(11:40)} 44. f3 {(05:06)} Nd7 {(04:
08)} 45. Qc4+ {(00:21)} Rf7 {(02:38)} 46. b4 {(01:56)} Nf8
{(01:17)} 47. Qd5 {(03:55)} Qa6 {(02:29)} 48. b5 {(
02:18)} Qa3 {(01:02)} 49. Rf2 {(00:10)} d3 {(04:05)} 50.
Qxe5 {(02:34)} Rd7 {(00:18)} 51. Qb2 {(00:22)} Qc5 {
(00:40)} 52. b6 {(00:57)} Qc6 {(00:30)} 53. Rd2 {(
00:29)} Kh7 {(00:32)} 54. Qb3 {(00:43)} Qd6 {(01:29)} 55.
b7 {(01:02)} Qb8 {(00:12)} 56. Rb2 {(00:11)} Ne6 {(
01:36)} 57. Qxe6 {(00:31)} Rxb7 {(00:04)} 58. Rxb7+ {(00:
38)} Qxb7 {(00:01)} 59. Qd5 {(00:42)} Qb2+ {(00:37)} 60.
Kh3 {(00:07)} Qg7 {(01:13)} 61. Qxd3 {(00:09)} Qb7 {
(00:12)} 62. Qd6 {(00:31)} Qc8+ {(01:02)} 63. g4 {(
00:07)} Qf8 {(00:41)} 64. Qe7+ {(00:12)} 1-0

[Event "42nd Olympiad Baku 2016 Women"]
[Site "Baku"]
[Date "2016.09.04"]
[Round "3.7"]
[White "Khalafova, Narmin"]
[Black "Lubbe, Melanie"]
[Result "1-0"]
[ECO "B30"]
[WhiteElo "2219"]
[BlackElo "2324"]
[Annotator ""]
[PlyCount "77"]
[EventDate "2016.??.??"]
[EventCountry "AZE"]
[SourceTitle "playchess.com"]
[Source "ChessBase"]
[WhiteTeam "Azerbaijan"]
[BlackTeam "Germany"]
[WhiteTeamCountry "AZE"]
[BlackTeamCountry "GER"]
[TimeControl "40/5400+30:1800+30"]

1. e4 {(00:00)} c5 {(00:00)} 2. Nf3 {(00:06)} Nc6 {
(00:00)} 3. Bb5 {(00:19)} e6 {(03:05)} 4. O-O {(00:
20)} Nge7 {(01:22)} 5. Re1 {(00:38)} a6 {(07:54)} 6. Bf1 {
(00:21)} d5 {(07:01)} 7. d3 {(00:34)} d4 {(05:15)}
8. e5 {(01:15)} Ng6 {(02:34)} 9. g3 {(02:11)} Be7 {
(07:18)} 10. Nbd2 {(06:32)} O-O {(06:47)} 11. Bg2 {
(05:42)} f6 {(06:56)} 12. exf6 {(05:59)} gxf6 {(00:
06)} 13. h4 {(02:56)} Re8 {(03:44)} 14. Nh2 {(06:23)} Kh8
{(06:25)} 15. Ng4 {(08:02)} f5 {(03:03)} 16. Bxc6 {
(12:23)} bxc6 {(00:15)} 17. h5 {(00:16)} fxg4 {(01:
43)} 18. hxg6 {(02:56)} hxg6 {(01:18)} 19. Nc4 {(03:10)}
e5 {(10:47)} 20. Nxe5 {(06:54)} Kg7 {(00:08)} 21. Nxg4 {
(02:44)} Qd7 {(04:35)} 22. Re4 {(03:43)} Bd6 {(05:
51)} 23. Bh6+ {(06:14)} Kf7 {(00:04)} 24. Rxe8 {(01:00)}
Qxe8 {(00:05)} 25. Qf3+ {(01:02)} Bf5 {(00:12)} 26. Bd2 {
(02:56)} Kg7 {(02:20)} 27. Re1 {(01:06)} Qd7 {(05:
51)} 28. Bh6+ {(01:24)} Kh8 {(01:34)} 29. Nf6 {(00:42)}
Qf7 {(03:37)} 30. Qh1 {(00:56)} Qxf6 {(03:45)} 31. Bg5+ {
(00:24)} Kg7 {(00:02)} 32. Bxf6+ {(00:42)} Kxf6 {(
00:01)} 33. Qxc6 {(03:00)} Rd8 {(00:04)} 34. Re8 {(02:16)}
Rd7 {(00:22)} 35. Qxa6 {(01:28)} Be6 {(01:27)} 36. Qc6 {
(00:52)} Kf7 {(00:49)} 37. Ra8 {(00:50)} Be7 {(00:
39)} 38. Ra6 {(01:07)} Rd6 {(00:37)} 39. Qf3+ {(00:17)}
1-0